cohdb
Replays
Latest Replays
All Replays
Popular Replays
Top Player Replays
Match Explorer
How It Works
Community
CoH3 Stats
Reddit
Sign in to upload your games and track your stats! →
Sign in with Steam
Match 39007541
Unlisted
Match 39007541
Overview
Messages
Build Orders
End
Panzergrenadier Squad
Panzergrenadier Squad
Panzergrenadier Squad
Construct Light Support Kompanie
MG34 Team
2.5-tonne Medical Truck
Assault Grenadier Squad
Fire Support Elements
Selects Battlefield Espionage Battlegroup
Selects Intel Disruption Beacon
UA - ♠ $imA ♠
UA -=Vov@N=-
✠KREUZZUG✠
STALKER4732
kit.ohume
Devochkin
0
0
Comments
sign in to comment!
No comments posted yet!